 Dungeon Crawl Stone Soup version 0.29-a0-885-gb26ba3297d (webtiles) character file.

Game seed: 10041790630338266934

329384 Megaraah the Slayer (level 20, -34/211 HPs)
             Began as a Minotaur Monk on July 19, 2022.
             Was a High Priest of Okawaru.
             Killed from afar by a spriggan air mage (36 damage)
             ... with a bolt of lightning
             ... on level 2 of the Depths on July 20, 2022.
             The game lasted 02:58:21 (63302 turns).

Megaraah the Slayer (Minotaur Monk)                Turns: 63302, Time: 02:58:21

Health: -34/211    AC: 40    Str: 20    XL:     20   Next: 82%
Magic:  27/27      EV: 13    Int:  9    God:    Okawaru [*****.]
Gold:   4038       SH: 19    Dex: 11    Spells: 19/19 levels left

rFire   + + +      SeeInvis +   b - +7 double sword (freeze)
rCold   . . .      Faith    .   C - +0 kite shield
rNeg    + + +      Spirit   .   N - +8 plate armour {rF+}
rPois   +          Reflect  +   u - +2 hat {Will+}
rElec   .          Harm     .   R - +0 cloak "Ecua" {rN++ Dex-3}
rCorr   +          Rampage  .   S - +2 pair of gloves of Free Expression {rN+ Will+ rCorr}
Will    +++..                   z - +1 pair of boots
Stlth   ..........              i - amulet of reflection
HPRegen 0.45/turn               U - ring of poison resistance
MPRegen 0.20/turn               L - ring of Huss {rF++ Slay+4}

@: heroic
A: horns 2, retaliatory headbutt, see invisible, weak 1
}: 2/15 runes: serpentine, barnacled
a: Renounce Religion, Heroism, Finesse, Duel


You were on level 2 of the Depths.
You worshipped Okawaru.
Okawaru was extremely pleased with you.
You visited 7 branches of the dungeon, and saw 37 of its levels.
You also visited: Gauntlet.

You collected 4523 gold pieces.
You spent 485 gold pieces at shops.

Inventory:

Hand Weapons
 a - a +4 scimitar of flaming
 b - a +7 double sword of freezing (weapon)
 A - the +9 sword of Zonguldrok {reap}
   (You found it on level 10 of the Dungeon)

   Any living foe damaged by it may be reanimated upon death as a zombie
   friendly to the wielder, with an increasing chance as more damage is dealt.
Missiles
 d - 31 silver javelins
 l - 4 throwing nets
 O - 7 javelins (quivered)
Armour
 r - a scarf of shadows
 u - a +2 hat of willpower (worn)
 z - a +1 pair of boots (worn)
 C - a +0 kite shield (worn)
 N - a +8 plate armour of fire resistance (worn)
 P - the +0 pair of gloves of the Special Planets {Contam Fly rPois SInv}
   (Okawaru gifted it to you on level 4 of the Shoals)

   rPois:     It protects you from poison.
   SInv:      It lets you see invisible.
   Fly:       It grants you flight.
   Contam:    It causes magical contamination when unequipped.
 R - the +0 cloak "Ecua" (worn) {rN++ Dex-3}
   (Okawaru gifted it to you on level 1 of the Orcish Mines)

   Dex:       It affects your dexterity (-3).
   rN:        It greatly protects you from negative energy.
 S - the +2 pair of gloves of Free Expression (worn) {rN+ Will+ rCorr}
   (Okawaru gifted it to you on level 8 of the Dungeon)

   rN:        It protects you from negative energy.
   rCorr:     It protects you from acid and corrosion.
   Will:      It increases your willpower.
Jewellery
 g - an amulet of regeneration
 i - an amulet of reflection (around neck)
 s - a ring of willpower
 t - an amulet of the acrobat
 K - a +4 ring of evasion
 L - the ring of Huss (right hand) {rF++ Slay+4}
   (You found it on level 13 of the Dungeon)

   [ring of slaying]

   Slay:      It affects your accuracy & damage with ranged weapons and melee
   (+4).
   rF:        It greatly protects you from fire.
 U - a ring of poison resistance (left hand)
 V - a ring of resist corrosion
 X - a ring of protection from fire
Wands
 x - a wand of digging (15)
 E - a wand of quicksilver (1)
 H - a wand of mindburst (15)
 Q - a wand of polymorph (27)
 Y - a wand of iceblast (21)
Scrolls
 e - 8 scrolls of vulnerability
 h - 8 scrolls of teleportation
 j - 4 scrolls of fog
 n - 10 scrolls of fear
 p - 2 scrolls of brand weapon
 w - a scroll of amnesia
 B - 4 scrolls of silence
 F - 6 scrolls of poison
 T - 5 scrolls of magic mapping
Potions
 c - 2 potions of ambrosia
 f - a potion of magic
 k - 7 potions of berserk rage
 q - 6 potions of flight
 G - 15 potions of curing
 I - 2 potions of invisibility
 M - 4 potions of resistance
 W - 5 potions of might
 Z - a potion of cancellation


   Skills:
 + Level 25.4(27) Fighting
 - Level 19.5(24.5) Long Blades
 - Level 11.0(16.0) Throwing
 - Level 19.0(24.0) Armour
 - Level 13.6(18.6) Dodging
 - Level 4.2(9.2) Stealth
 - Level 15.0(20.0) Shields
 - Level 11.0 Invocations


You had 19 spell levels left.
You didn't know any spells.
Your spell library contained the following spells:

 Spells                   Type           Power      Damage    Failure   Level
 Apportation              Tloc           0%         N/A       97%         1
 Beastly Appendage        Tmut           0%         N/A       97%         1
 Foxfire                  Conj/Fire      0%         2x1d4     97%         1
 Necrotise                Necr           0%         1d4       97%         1
 Shock                    Conj/Air       0%         1d3       97%         1
 Ensorcelled Hibernation  Hex/Ice        0%         N/A       99%         2
 Passwall                 Tmut/Erth      0%         N/A       99%         2
 Poisonous Vapours        Pois/Air       0%         N/A       99%         2
 Scorch                   Fire           0%         2d5       99%         2
 Wereblood                Tmut           0%         N/A       99%         2
 Conjure Flame            Conj/Fire      0%         6-21      100%        3
 Gell's Gravitas          Tloc           0%         N/A       100%        3
 Ignite Poison            Fire/Tmut/Pois 0%         N/A       100%        3
 Inner Flame              Hex/Fire       0%         N/A       100%        3
 Lesser Beckoning         Tloc           0%         N/A       100%        3
 Ozocubu's Armour         Ice            0%         N/A       100%        3
 Spider Form              Tmut/Pois      0%         N/A       100%        3
 Swiftness                Air            0%         N/A       100%        3
 Teleport Other           Tloc           0%         N/A       100%        3
 Vampiric Draining        Necr           0%         2d6       100%        3
 Airstrike                Air            0%         0-1+      100%        4
 Corpse Rot               Necr/Pois/Air  0%         N/A       100%        4
 Flame Wave               Conj/Fire      0%         2d4       100%        4
 Fulminant Prism          Conj/Hex       0%         3d6       100%        4
 Iskenderun's Mystic Bla  Conj/Tloc      0%         2d3       100%        4
 Leda's Liquefaction      Hex/Erth       0%         N/A       100%        4
 Petrify                  Tmut/Erth      0%         N/A       100%        4
 Sticky Flame             Conj/Fire      0%         2d3       100%        4
 Agony                    Necr           0%         N/A       100%        5
 Alistair's Intoxication  Tmut/Pois      0%         N/A       100%        5
 Borgnjor's Vile Clutch   Necr/Erth      0%         N/A       100%        5
 Freezing Cloud           Conj/Ice/Air   0%         6-21      100%        5
 Lee's Rapid Deconstruct  Erth           0%         3d5*      100%        5
 Lightning Bolt           Conj/Air       0%         1d11      100%        5
 Metabolic Englaciation   Hex/Ice        0%         N/A       100%        5
 Statue Form              Tmut/Erth      0%         N/A       100%        6
 Polar Vortex             Ice            0%         N/A       100%        9
 Call Canine Familiar     Summ           Unusable   N/A       N/A         3
 Summon Lightning Spire   Summ/Air       Unusable   N/A       N/A         4
 Simulacrum               Ice/Necr       Unusable   N/A       N/A         6
 Summon Cactus Giant      Summ           Unusable   N/A       N/A         6

Dungeon Overview and Level Annotations

Branches:
Dungeon (15/15)            Temple (0/1) D:4            Lair (5/5) D:10
 Shoals (4/4) Lair:2        Snake (4/4) Lair:3        Slime (0/5) Lair:5
    Orc (2/2) D:12            Elf (0/3) Orc:2        Vaults (4/5) D:14
  Crypt (0/3) Vaults:2     Depths (3/4) D:15        Gauntlet (visited)

Altars:
Ashenzari
Cheibriados
Dithmenos
Fedhas
Gozag
Kikubaaqudgha
Makhleb
Okawaru
Qazlal
Ru
Sif Muna
Vehumet
Xom
Yredelemnul
Jiyva

Shops:
D:8 [   D:9 ?***[   D:12 [   Orc:1 :   Orc:2 *!*   Shoals:4 *   Snake:2 (!(
Snake:4 *

Portals:
Hell: Depths:1 Depths:2
Abyss: Depths:1

Annotations:
Lair:3 1 runed translucent door, Jidwodysk's ghost, journeyman OpGl
Vaults:2 8 runed translucent doors, sirdond's ghost, adept MiGl
Depths:2 1 runed translucent door, Asut's ghost, journeyman GrFi


Innate Abilities, Weirdness & Mutations

You have a pair of horns on your head.
You reflexively headbutt those who attack you in melee.
You have supernaturally acute eyesight. (SInv)
You are weak. (Str -2)


Message History

Throw: 11 javelins
Press: ? - help, Q - select action, (/) - cycle Shift-Dir - straight line, f/p - spriggan air mage
Aim: a spriggan air mage, wielding a +4 vorpal morningstar and wearing a +0 robe (severely wounded, spells empowered, repelling missiles, 2% to hit)
You throw a javelin.
The javelin closely misses the spriggan air mage.
The spriggan air mage points at you and mumbles some strange words.
The bolt of lightning hits you!
* * * LOW HITPOINT WARNING * * *
Throw: 10 javelins
Press: ? - help, Q - select action, (/) - cycle Shift-Dir - straight line, f/p - spriggan air mage
Aim: a spriggan air mage, wielding a +4 vorpal morningstar and wearing a +0 robe (severely wounded, spells empowered, repelling missiles, 2% to hit)
You throw a javelin.
The javelin closely misses the spriggan air mage.
The spriggan air mage waves its arms in wide circles.
The air twists around and strikes you.
* * * LOW HITPOINT WARNING * * *
You feel much better.
A frost giant comes into view.
It is wielding a +1 battleaxe of freezing.
Throw: 9 javelins
Press: ? - help, Q - select action, (/) - cycle Shift-Dir - straight line, f/p - spriggan air mage
Aim: a spriggan air mage, wielding a +4 vorpal morningstar and wearing a +0 robe (severely wounded, spells empowered, repelling missiles, 2% to hit)
You throw a javelin.
The javelin misses the spriggan air mage.
Throw: 8 javelins
Press: ? - help, Q - select action, (/) - cycle Shift-Dir - straight line, f/p - spriggan air mage
Aim: a spriggan air mage, wielding a +4 vorpal morningstar and wearing a +0 robe (severely wounded, spells empowered, repelling missiles, 2% to hit)
You throw a javelin.
The javelin barely misses the spriggan air mage.
The spriggan air mage waves its arms in wide circles.
The air twists around and strikes you!!
* * * LOW HITPOINT WARNING * * *
The spriggan air mage waves its arms in wide circles.
The air twists around and strikes you!!
* * * LOW HITPOINT WARNING * * *
You hit the spriggan air mage. You freeze the spriggan air mage.
Your headbutt misses the spriggan air mage.
The spriggan air mage is severely wounded.
The spriggan air mage casts a spell at you.
The bolt of lightning hits you!!!
You die...

≈≈.. ..T.........((. ...≈
............... ....≈≈.##
.....D....i.... ....≈≈..
8.8.8Q8.8.8.8.8 ....≈≈..
.......([...... ....≈≈.. ##
#######†# ....≈≈.#
#..###.....)(### .....≈.#
#........C.[..)####### .....≈.#
#.....@i...(##....)).#
......<####.#.........###''###.#
.......).##..........## ♣..♣ #.#
.......≈..........#####♣#..#♣#.#
<......≈≈.........# +..##..+.#
................... +..##..+.#
.................... #♣#..#♣###
..................... ♣([♣
....≈≈........# #''#


You could see a frost giant and a spriggan air mage (empowered, repels
missiles).

Vanquished Creatures
  Vashnia (Snake:2)
  A Tzitzimitl (D:15)
  2 hellephants (Depths:1)
  A doom hound (Depths:1)
  A tentacled monstrosity (Vaults:3)
  Rupert (D:12)
  Jorgrun (Orc:1)
  A deep elf master archer (Depths:1)
  A deep elf blademaster (Depths:1)
  Gastronok (Lair:2)
  2 sphinxes
  A kraken (Shoals:4)
  Frances (D:13)
  The ghost of Cofiopra the Thaumaturge, an adept DjEE of Makhleb (D:15)
  2 tengu reavers (Depths:1)
  10 nagarajas
  Aizul (Snake:2)
  7 vault wardens
  2 frost giants
  An orc warlord (Vaults:4)
  Louise (Snake:3)
  A spriggan defender (Depths:2)
  14 very ugly things
  13 ironbound preservers
  7 ironbound thunderhulks
  4 stone giants
  A reaper (Depths:1)
  3 entropy weavers
  A putrid mouth (D:15)
  A minotaur (Gauntlet)
  Azrael (D:14)
  14 dire elephants
  A bunyip (shapeshifter) (Gauntlet)
  5 ettins
  3 fire dragons
  4 merfolk impalers
  6 merfolk javelineers
  Snorg (D:13)
  A deep elf death mage (Vaults:4)
  Fannar (D:12)
  6 great orbs of eyes
  8 hydras
  Erolcha (D:10)
  8 vault guards
  3 ice dragons (Depths:2)
  4 rakshasas
  4 yaktaur captains
  13 anacondas
  3 spriggan air magi
  A peacekeeper (Vaults:4)
  4 ogre magi (Orc:2)
  5 boulder beetles
  4 merfolk avatars
  10 centaur warriors
  7 naga warriors
  3 ironbound frosthearts
  3 merfolk aquamancers
  3 catoblepae
  A deep troll shaman (Depths:2)
  6 satyrs
  A dancing weapon (D:15)
  12 two-headed ogres
  4 death yaks (Lair:5)
  A deep troll earth mage (Depths:2)
  4 spriggan berserkers
  4 tengu warriors
  Urug (Orc:2)
  19 naga sharpshooters
  8 shock serpents
  Sonja (D:13)
  Nergalle (Lair:2)
  2 hell knights
  21 sea snakes
  2 salamander mystics (Snake:2)
  An iron troll (Depths:1)
  A flayed ghost (Depths:1)
  A storm dragon skeleton (Vaults:2)
  15 ironbound convokers
  3 glowing orange brains
  7 naga ritualists
  33 deep trolls
  7 lindwurms
  2 necromancers
  Pikel (D:7)
  2 deep elf pyromancers
  4 wizards
  10 harpies
  7 orc knights
  11 fauns
  2 wolf spiders (Lair:5)
  A sphinx skeleton (Vaults:2)
  15 mana vipers
  A tengu skeleton (Vaults:2)
  An orc sorcerer (Orc:2)
  8 cyclopes
  26 ugly things
  6 salamanders
  23 manticores
  14 naga magi
  A salamander (shapeshifter) (Gauntlet)
  9 merfolk sirens
  17 elephants
  A human skeleton (Vaults:2)
  6 water nymphs
  6 guardian serpents
  35 black mambas
  13 vault sentinels
  A gargoyle (D:12)
  A kobold demonologist (D:13)
  A freezing wraith (Vaults:3)
  14 cane toads
  2 efreet (D:13)
  8 komodo dragons
  3 rime drakes
  2 tormentors
  23 yaktaurs
  A rime drake (shapeshifter) (Depths:2)
  3 tengu conjurers
  10 trolls
  12 polar bears
  20 merfolk
  7 wind drakes
  A tarantella (Vaults:3)
  A raiju (Lair:5)
  14 blink frogs
  7 dream sheep
  7 snapping turtles
  A fire giant simulacrum (Vaults:2)
  A dream sheep (shapeshifter) (Gauntlet)
  48 slime creatures
  7 hornets
  A raiju (shapeshifter) (Gauntlet)
  A jumping spider (Vaults:4)
  4 flying skulls (Gauntlet)
  A culicivora (shapeshifter) (D:13)
  A shadow (D:11)
  44 yaks
  A vampire (D:13)
  17 water elementals
  12 wyverns
  5 fire elementals (D:14)
  A wraith (D:8)
  A human (D:14)
  11 vampire mosquitoes
  Grum (D:8)
  3 basilisks
  6 redbacks
  6 steam dragons
  5 wargs
  32 nagas
  4 acid dragons
  19 hell hounds
  20 water moccasins
  A floating eye (Depths:2)
  24 orc warriors
  An ice beast (D:8)
  13 black bears
  19 wolves
  26 ogres
  A phantom (D:5)
  5 centaurs
  3 lemures (D:7)
  6 kobold brigands
  12 bullfrogs
  A necrophage (D:8)
  2 gnoll sergeants
  22 wights
  18 killer bees
  2 howler monkeys
  An electric eel (Lair:1)
  3 hounds
  10 jellies
  17 orc priests
  Crazy Yiuf (D:7)
  2 gnoll boudas (D:8)
  3 iguanas
  5 hell rats (Lair:1)
  22 orc wizards
  A mummy (D:13)
  12 gnolls
  7 adders
  A shadow imp (D:7)
  2 worms
  3 dart slugs
  84 orcs
  7 bats
  8 endoplasms
  5 giant cockroaches
  7 goblins
  3 hobgoblins
  12 jackals
  18 kobolds
  4 quokkas
  8 ball pythons
  A frilled lizard (D:2)
  6 rats
  3 tentacles (Shoals:4)
1393 creatures vanquished.

Vanquished Creatures (others)
  A wizard (Vaults:4)
  A manticore (Shoals:2)
  A howler monkey (D:9)
  An adder (D:6)
  40 fungi
  119 plants
  14 tentacles (Shoals:4)
  31 withered plants (Gauntlet)
208 creatures vanquished.

Grand Total: 1601 creatures vanquished

Notes
Turn   | Place    | Note
-------+----------+-------------------------------------------
     0 | D:1      | Megaraah the Minotaur Monk began the quest for the Orb.
     0 | D:1      | Reached XP level 1. HP: 19/19 MP: 0/0
   182 | D:1      | Reached XP level 2. HP: 16/26 MP: 1/1
   770 | D:1      | Reached skill level 5 in Long Blades
   777 | D:1      | Reached XP level 3. HP: 30/31 MP: 2/2
  1028 | D:2      | Found a shimmering altar of Xom.
  2017 | D:2      | Found a faded altar of an unknown god.
  2486 | D:3      | Reached XP level 4. HP: 37/39 MP: 3/3
  2663 | D:3      | Found an iron altar of Okawaru.
  2683 | D:3      | Became a worshipper of Warmaster Okawaru
  2683 | D:3      | Reached * piety under Okawaru
  2683 | D:3      | Reached ** piety under Okawaru
  2836 | D:3      | Found a shimmering blue altar of Sif Muna.
  2947 | D:3      | Reached XP level 5. HP: 45/45 MP: 4/4
  2948 | D:3      | Found a burning altar of Makhleb.
  3390 | D:4      | Found a stormy altar of Qazlal.
  3552 | D:4      | Found a staircase to the Ecumenical Temple.
  3614 | D:4      | Found a radiant altar of Vehumet.
  3961 | D:5      | Entered Level 5 of the Dungeon
  3993 | D:5      | Noticed an ogre
  4006 | D:5      | Killed an ogre
  4007 | D:5      | Reached XP level 6. HP: 51/51 MP: 2/5
  4411 | D:5      | Found a shadowy altar of Dithmenos.
  4827 | D:5      | Reached XP level 7. HP: 56/57 MP: 6/6
  4865 | D:5      | Found a blossoming altar of Fedhas.
  5071 | D:5      | Reached skill level 10 in Long Blades
  5374 | D:6      | Noticed a steam dragon
  5377 | D:6      | Reached *** piety under Okawaru
  5628 | D:6      | Found a sacrificial altar of Ru.
  5688 | D:6      | Reached skill level 1 in Armour
  5731 | D:6      | Gained mutation: You are weak. (Str -2) [potion of
                  | mutation]
  5731 | D:6      | Gained mutation: You have supernaturally acute eyesight.
                  | (SInv) [potion of mutation]
  6045 | D:7      | Reached XP level 8. HP: 62/66 MP: 7/7
  6130 | D:7      | Reached skill level 4 in Fighting
  6325 | D:7      | Found a runed translucent door.
  6326 | D:7      | Noticed Crazy Yiuf
  6330 | D:7      | Killed Crazy Yiuf
  7006 | D:7      | Noticed Pikel
  7013 | D:7      | Killed Pikel
  7013 | D:7      | Reached **** piety under Okawaru
  7014 | D:7      | Reached skill level 5 in Fighting
  7014 | D:7      | Reached XP level 9. HP: 74/74 MP: 5/8
  7294 | D:6      | You fall into a shaft and drop 2 floors!
  7479 | D:8      | Noticed Grum
  7499 | D:8      | Killed Grum
  7500 | D:8      | Reached skill level 5 in Armour
  7761 | D:8      | Found an ancient bone altar of Kikubaaqudgha.
  7841 | D:8      | Reached skill level 1 in Invocations
  7875 | D:8      | Found a basalt altar of Yredelemnul.
  7886 | D:8      | Found a broken altar of Ashenzari.
  7889 | D:8      | Noticed a two-headed ogre
  7902 | D:8      | Killed a two-headed ogre
  7902 | D:8      | Reached ***** piety under Okawaru
  7903 | D:8      | Reached skill level 5 in Invocations
  8067 | D:8      | Received a gift from Okawaru
  8241 | D:8      | Reached XP level 10. HP: 78/83 MP: 12/14
  8361 | D:8      | Reached skill level 6 in Fighting
  8478 | D:8      | Noticed a boulder beetle
  8482 | D:8      | Reached skill level 1 in Shields
  8820 | D:6      | Identified a scroll of acquirement
  8820 | D:6      | Acquired a +2 hat
  9314 | D:9      | Noticed a two-headed ogre
  9322 | D:8      | Killed a two-headed ogre
  9326 | D:9      | Reached skill level 7 in Fighting
  9376 | D:9      | Found Garad's General Store.
  9381 | D:9      | Bought a scroll of identify for 28 gold pieces
  9487 | D:9      | Found a runed translucent door.
  9529 | D:9      | Noticed a red ugly thing
  9558 | D:8      | Received a gift from Okawaru
 10000 | D:8      | Reached skill level 8 in Fighting
 10373 | D:8      | Identified the +4 plate armour "Wimnit" {Harm rC- Dex+7
                  | Stlth+}
 10452 | D:8      | Found Qoepso's Armour Emporium.
 10711 | D:9      | Reached skill level 5 in Shields
 10711 | D:9      | Reached XP level 11. HP: 68/95 MP: 15/15
 10970 | D:8      | Paralysed by a hornet for 3 turns
 10976 | D:8      | Identified the +2 pair of gloves of Free Expression {rN+
                  | Will+ rCorr} (Okawaru gifted it to you on level 8 of the
                  | Dungeon)
 10976 | D:8      | Received a gift from Okawaru
 11156 | D:10     | Entered Level 10 of the Dungeon
 11170 | D:9      | Found Kyl Xadul's Assorted Antiques.
 11181 | D:9      | Bought a potion of curing for 57 gold pieces
 11181 | D:9      | Bought a scroll of identify for 38 gold pieces
 11181 | D:9      | Bought a scroll of identify for 38 gold pieces
 11230 | D:9      | Found Yxeceo's Magic Scroll Shop.
 11238 | D:9      | Bought a scroll of magic mapping for 97 gold pieces
 11238 | D:9      | Bought a scroll of identify for 26 gold pieces
 11294 | D:9      | Found Lofiri's General Store.
 11323 | D:9      | Killed a red ugly thing
 11333 | D:9      | Bought a potion of might for 56 gold pieces
 11516 | D:9      | Reached skill level 9 in Fighting
 12627 | D:10     | Reached skill level 10 in Armour
 12662 | D:10     | Noticed Erolcha
 13153 | D:10     | Killed Erolcha
 13154 | D:10     | Reached skill level 10 in Fighting
 13309 | D:9      | Found Caunaoc's Antique Armour Emporium.
 13312 | D:9      | Identified the +2 leather armour of Weejulodd {-Cast +Blink
                  | Fly rCorr}
 13442 | D:10     | Found the +9 sword of Zonguldrok {reap}
 13510 | D:10     | Noticed a two-headed ogre
 13518 | D:10     | Killed a two-headed ogre
 13721 | D:10     | Found a staircase to the Lair.
 14267 | D:11     | Acquired 461 gold pieces
 14452 | D:11     | Noticed a white ugly thing
 14461 | D:11     | Killed a white ugly thing
 14748 | D:11     | Received a gift from Okawaru
 14872 | D:12     | Noticed Rupert
 14884 | D:12     | Killed Rupert
 14885 | D:12     | Reached XP level 12. HP: 93/108 MP: 8/16
 14969 | D:12     | Noticed a boulder beetle
 14983 | D:12     | Killed a boulder beetle
 15409 | D:12     | Identified the +8 trident of the Dragonfly {freeze, rPois
                  | rN+ Will- Str+2}
 15517 | D:12     | Found a staircase to the Orcish Mines.
 15518 | D:12     | Found Melianot's Armour Shop.
 15549 | D:12     | Noticed Fannar
 15565 | D:12     | Killed Fannar
 15566 | D:12     | Reached skill level 11 in Fighting
 16269 | Lair:1   | Entered Level 1 of the Lair of Beasts
 16281 | Lair:1   | Identified the +1 falchion "Zoathann" {flame, rN+ Int+4
                  | Dex+2} (Okawaru gifted it to you on level 1 of the Lair of
                  | Beasts)
 16281 | Lair:1   | Received a gift from Okawaru
 16282 | Lair:1   | Reached skill level 1 in Throwing
 16395 | Lair:1   | Noticed a seven-headed hydra
 16409 | Lair:1   | Killed a 14-headed hydra
 16410 | Lair:1   | Reached skill level 5 in Throwing
 16857 | Lair:1   | Noticed a four-headed hydra
 16875 | Lair:1   | Killed a 15-headed hydra
 17555 | Lair:1   | Received a gift from Okawaru
 17707 | Lair:2   | Received a gift from Okawaru
 17881 | Lair:3   | Reached XP level 13. HP: 113/116 MP: 17/17
 17958 | Lair:2   | Identified the +3 ring mail of Leaves {Rampage rElec rF++
                  | Str+3 Int-2} (Okawaru gifted it to you on level 2 of the
                  | Lair of Beasts)
 17958 | Lair:2   | Received a gift from Okawaru
 17964 | Lair:2   | Reached skill level 10 in Shields
 18055 | Lair:2   | Noticed Nergalle
 18075 | Lair:2   | Killed Nergalle
 18076 | Lair:2   | Reached skill level 15 in Long Blades
 18642 | Lair:2   | Reached skill level 12 in Fighting
 18721 | Lair:2   | Found a staircase to the Shoals.
 18739 | Lair:2   | Noticed Gastronok
 18757 | Lair:2   | Killed Gastronok
 19311 | Lair:2   | Found the +3 pair of seven-league boots {Rampage+∞}
 19831 | Lair:3   | Found a staircase to the Snake Pit.
 19962 | Lair:3   | Reached skill level 13 in Fighting
 20003 | Lair:3   | Found a runed translucent door.
 20007 | Lair:3   | Noticed Jidwodysk's ghost (journeyman OpGl)
 20012 | Lair:3   | Identified the +9 trident of Blood {spect, rC+}
 20559 | Lair:3   | Identified the +0 leather armour of the Wilderness {rF+
                  | Regen+}
 20932 | Lair:4   | Reached ****** piety under Okawaru
 21406 | Lair:5   | Entered Level 5 of the Lair of Beasts
 21524 | Lair:5   | Found a viscous altar of Jiyva.
 21524 | Lair:5   | Found a staircase to the Slime Pits.
 21529 | Lair:5   | Received a gift from Okawaru
 21555 | Lair:5   | Reached XP level 14. HP: 71/130 MP: 18/18
 21755 | Lair:5   | Reached skill level 14 in Fighting
 21766 | Lair:5   | Received a gift from Okawaru
 22374 | Lair:5   | Identified the +1 hat of the Other World {rF- rN+ Dex+3
                  | SInv} (Okawaru gifted it to you on level 5 of the Lair of
                  | Beasts)
 22374 | Lair:5   | Received a gift from Okawaru
 22612 | Lair:5   | Reached skill level 15 in Fighting
 24440 | Orc:1    | Entered Level 1 of the Orcish Mines
 24618 | Orc:2    | Entered Level 2 of the Orcish Mines
 24673 | Orc:2    | Found a gate leading to a gauntlet.
 24686 | Gauntlet | Entered a Gauntlet
 24686 | Gauntlet | Found a transporter.
 24689 | Gauntlet | Found a transporter.
 24698 | Gauntlet | Found a transporter.
 24698 | Gauntlet | Found a transporter.
 24701 | Gauntlet | Found a transporter.
 24717 | Gauntlet | Found a transporter.
 24734 | Gauntlet | Found a transporter.
 24779 | Gauntlet | Found a transporter.
 24787 | Gauntlet | Found a transporter.
 24817 | Gauntlet | Found a transporter.
 24821 | Gauntlet | Found a transporter.
 25656 | Orc:2    | Reached skill level 16 in Fighting
 25665 | Orc:2    | Received a gift from Okawaru
 25682 | Orc:2    | Reached XP level 15. HP: 72/144 MP: 17/19
 25975 | Orc:2    | Noticed Urug
 25998 | Orc:2    | Killed Urug
 26257 | Orc:2    | Found a staircase to the Elven Halls.
 26482 | Orc:2    | Found Biwivez's Assorted Antiques.
 26482 | Orc:2    | Found Issud's General Store.
 26483 | Orc:2    | Found Goturchamp's Distillery.
 26483 | Orc:2    | Found Gafouq's General Store.
 26567 | Orc:1    | Noticed Jorgrun
 26585 | Orc:1    | Killed Jorgrun
 26585 | Orc:1    | Identified the +0 cloak "Ecua" {rN++ Dex-3} (Okawaru gifted
                  | it to you on level 1 of the Orcish Mines)
 26585 | Orc:1    | Received a gift from Okawaru
 26720 | Orc:1    | Found Ifith's Book Boutique.
 26934 | Orc:1    | Reached skill level 15 in Shields
 27456 | D:13     | Identified the +1 leather armour of Dithmenos's Grace
                  | {Int+4}
 27610 | D:13     | Noticed Snorg
 27624 | D:13     | Killed Snorg
 27754 | D:13     | Reached skill level 17 in Fighting
 27925 | D:13     | Reached skill level 5 in Dodging
 28266 | D:13     | Identified the ring of Huss {rF++ Slay+4}
 28270 | D:13     | Got the Octavo of Productive Geology
 28272 | D:13     | Identified the +1 halberd "Samnuat" {drain, Fly rCorr}
 28470 | D:13     | Noticed Frances
 28491 | D:13     | Killed Frances
 28545 | D:13     | Noticed Sonja
 28551 | D:13     | Killed Sonja
 29196 | D:13     | Found a snail-covered altar of Cheibriados.
 29376 | D:15     | Entered Level 15 of the Dungeon
 29576 | D:14     | Reached skill level 18 in Fighting
 29795 | D:14     | Noticed Azrael
 29817 | D:14     | Killed Azrael
 29995 | D:14     | Identified the +7 double sword of the Apocalypse {protect,
                  | Will- Int+4} (Okawaru gifted it to you on level 14 of the
                  | Dungeon)
 29995 | D:14     | Received a gift from Okawaru
 30793 | D:15     | Found a runed translucent door.
 30794 | D:15     | Found a shimmering altar of Xom.
 30794 | D:15     | Noticed Cofiopra's ghost (adept DjEE)
 30794 | D:15     | Found the dreamshard necklace {*Dream Drain}
 30795 | D:15     | Identified the +4 quarterstaff "Ykebenne" {chaos, Dex+2}
 30828 | D:15     | Found an opulent altar of Gozag.
 31314 | D:15     | Found a staircase to the Depths.
 31314 | D:15     | Noticed a frost giant
 31327 | D:15     | Killed a frost giant
 31328 | D:15     | Reached XP level 16. HP: 86/159 MP: 20/20
 32006 | Snake:1  | Entered Level 1 of the Snake Pit
 32211 | Snake:1  | Reached skill level 19 in Fighting
 32508 | Snake:1  | Received a gift from Okawaru
 33096 | Snake:1  | Received a gift from Okawaru
 33259 | Snake:2  | Noticed Vashnia
 33979 | Snake:2  | Killed Vashnia
 33979 | Snake:2  | Received a gift from Okawaru
 34006 | Snake:2  | Reached skill level 20 in Fighting
 34220 | Snake:2  | Noticed Aizul
 34235 | Snake:2  | Killed Aizul
 34235 | Snake:2  | Received a gift from Okawaru
 34724 | Snake:2  | Found Duycaen's Antique Weapon Boutique.
 34726 | Snake:2  | Found Ixyaguwer's Distillery.
 35012 | Snake:2  | Found Zeffatt's Weapon Boutique.
 35018 | Snake:2  | Bought a potion of heal wounds for 100 gold pieces
 35657 | Snake:4  | Entered Level 4 of the Snake Pit
 35691 | Snake:3  | Noticed Louise
 35699 | Snake:3  | Killed Louise
 36292 | Snake:3  | Received a gift from Okawaru
 36941 | Snake:4  | Reached skill level 10 in Dodging
 37080 | Snake:4  | Found Segaf's Specific Store.
 37080 | Snake:4  | Found Somuygog's General Store.
 37454 | Snake:4  | Identified the +4 great sword of Xorruon {pain, MP+9}
                  | (Okawaru gifted it to you on level 4 of the Snake Pit)
 37454 | Snake:4  | Received a gift from Okawaru
 37483 | Snake:3  | Reached XP level 17. HP: 55/172 MP: 9/21
 38136 | Snake:4  | Bought a scroll of teleportation for 45 gold pieces
 38213 | Snake:4  | Reached skill level 21 in Fighting
 39348 | Snake:4  | Identified the +1 robe of Fortitude {rF+ Dex+6} (Okawaru
                  | gifted it to you on level 4 of the Snake Pit)
 39348 | Snake:4  | Received a gift from Okawaru
 39535 | Snake:4  | Reached skill level 15 in Armour
 39697 | Snake:4  | Reached skill level 22 in Fighting
 40947 | Snake:4  | Got a serpentine rune of Zot
 41373 | Shoals:1 | Entered Level 1 of the Shoals
 43333 | Shoals:2 | Reached skill level 23 in Fighting
 43669 | Shoals:4 | Entered Level 4 of the Shoals
 43790 | Shoals:3 | Received a gift from Okawaru
 43855 | Shoals:3 | Reached XP level 18. HP: 185/188 MP: 20/22
 45232 | Shoals:4 | Found Coxkal's Gadget Gallery.
 45333 | Shoals:4 | Identified the +0 pair of gloves of the Special Planets
                  | {Contam Fly rPois SInv} (Okawaru gifted it to you on level
                  | 4 of the Shoals)
 45333 | Shoals:4 | Received a gift from Okawaru
 46518 | Shoals:4 | Got a barnacled rune of Zot
 47116 | D:14     | Reached skill level 24 in Fighting
 47127 | D:14     | Found a gate to the Vaults.
 47147 | Vaults:1 | Entered Level 1 of the Vaults
 48597 | Vaults:1 | Reached skill level 10 in Throwing
 48616 | Vaults:1 | Received a gift from Okawaru
 49317 | Vaults:1 | Received a gift from Okawaru
 49945 | Vaults:1 | Reached XP level 19. HP: 122/198 MP: 23/23
 50568 | Vaults:2 | Found a large runed translucent door.
 50568 | Vaults:2 | Found a large runed translucent door.
 50568 | Vaults:2 | Found a large runed translucent door.
 50568 | Vaults:2 | Found a large runed translucent door.
 50568 | Vaults:2 | Found a large runed translucent door.
 50568 | Vaults:2 | Found a large runed translucent door.
 50568 | Vaults:2 | Found a large runed translucent door.
 50568 | Vaults:2 | Found a large runed translucent door.
 50568 | Vaults:2 | Noticed sirdond's ghost (adept MiGl)
 50944 | Vaults:2 | Received a gift from Okawaru
 51395 | Vaults:2 | Received a gift from Okawaru
 52195 | Vaults:2 | You fall into a shaft and drop 1 floor!
 52259 | Vaults:2 | Identified the ring "Rick" {Wiz rPois rC- Str+7}
 52520 | Vaults:2 | Reached skill level 10 in Invocations
 52638 | Vaults:2 | Found a staircase to the Crypt.
 52638 | Vaults:2 | Found an ancient bone altar of Kikubaaqudgha.
 52639 | Vaults:2 | Found a basalt altar of Yredelemnul.
 52767 | Vaults:2 | Received a gift from Okawaru
 54101 | Vaults:3 | Identified the +0 pair of gloves "Lotaivil" {rN++} (Okawaru
                  | gifted it to you on level 3 of the Vaults)
 54101 | Vaults:3 | Received a gift from Okawaru
 56191 | Vaults:4 | Upgraded the game from 0.29-a0-876-gfc89b1a5bd to
                  | 0.29-a0-885-gb26ba3297d
 56491 | Vaults:4 | Reached XP level 20. HP: 164/206 MP: 27/27
 57162 | Vaults:4 | Identified the +1 robe of Freedom {rCorr Int+4 Dex-4
                  | Stlth+}
 57559 | Vaults:4 | Received a gift from Okawaru
 58494 | D:15     | Killed Cofiopra's ghost
 58494 | D:15     | Received a gift from Okawaru
 58561 | Depths:1 | Entered Level 1 of the Depths
 58722 | Depths:1 | Found a gateway to Hell.
 58882 | Depths:1 | Received a gift from Okawaru
 59178 | Depths:1 | Identified the +0 shadow dragon scales of Distant Worlds
                  | {rPois rF++ rC- Stlth++++}
 59179 | Depths:1 | Noticed a doom hound
 59206 | Depths:1 | Killed a doom hound
 60030 | D:15     | Received a gift from Okawaru
 60577 | D:15     | Received a gift from Okawaru
 60929 | Depths:1 | Identified the +2 longbow "Mozoxkut" {vorpal, rElec rF+}
 61416 | Depths:1 | Found a one-way gate to the infinite horrors of the Abyss.
 61477 | Depths:1 | Received a gift from Okawaru
 62056 | Depths:2 | Found a runed translucent door.
 62058 | Depths:2 | Found a shimmering altar of Xom.
 62058 | Depths:2 | Noticed Asut's ghost (journeyman GrFi)
 62425 | Depths:2 | Reached skill level 25 in Fighting
 62951 | Depths:2 | Paralysed by a floating eye for 3 turns
 62956 | Depths:2 | Identified the +4 long sword "Witinah" {flame, rElec rPois
                  | Str-4 Dex+4} (Okawaru gifted it to you on level 2 of the
                  | Depths)
 62956 | Depths:2 | Received a gift from Okawaru
 63301 | Depths:2 | HP: 1/211 [spriggan air mage/the air (30)]
 63302 | Depths:2 | Killed from afar by a spriggan air mage

Illustrated notes

Levels and vault maps discovered:
D:1:      matt_arrival_los_fun, layout_rooms, st_stairs_3, minmay_cupped
D:2:      layout_basic, basic_altar, hellmonk_ecumenical_altar_inner_sanctum,
          minmay_pentomino_u4
D:3:      layout_basic, mainiacjoe_overflow_cross_hatched,
          okawaru_metal_pillars_1_2, lemuel_coloured_pillars_altar,
          serial_aquarium, aquarium_bridge_straight [aquarium_subvault_bridge,
          aquarium_subvault_wall, aquarium_subvault_bridge,
          aquarium_subvault_wall], aquarium_window_fake,
          aquarium_window_corridor_2, aquarium_window_2, aquarium_window_corner,
          aquarium_view_2f, aquarium_view_2g, aquarium_balcony_3b,
          minmay_pentomino_pile
D:4:      layout_basic, grunt_qazlal_clouds, mainiacjoe_overflow_alcove_4,
          temple_doors_e
D:5:      layout_gridville, mainiacjoe_overflow_concentric_impassable,
          mainiacjoe_overflow_24_doors, minivault_24, kennysheep_cluttered_room
D:6:      layout_cave_pools, lemuel_doored_altar
D:7:      layout_loops_cross, patterned_corridor, uniq_pikel,
          uniq_crazy_yiuf_cottage
D:8:      minmay_quarter_circles, layout_basic,
          mainiacjoe_overflow_large_starburst, amcnicky_altar_gilded,
          serial_shops, nicolae_inconvenience_store, uniq_grum
D:9:      minmay_bloctagon, layout_loops_cross, serial_shops, shop, shop, shop,
          kennysheep_little_box, nicolae_shop_overgrown_old_shop, dk_vineyard_3,
          lightli_church_of_beogh
D:10:     layout_long_grid, lair_entry_dummy, uniq_erolcha
D:11:     layout_basic
D:12:     layout_irregular_city, orc_david_3, uniq_rupert, uniq_fannar
D:13:     minmay_the_grid_4x2 [minmay_the_grid_rooms,
          minmay_the_grid_diamond_grid, minmay_the_grid_large_cup,
          minmay_the_grid_outer_diamond, minmay_the_grid_minigrid_large,
          minmay_the_grid_x, minmay_the_grid_embedded,
          minmay_the_grid_prize_diamond_cup], layout_cave_pools,
          portal_ice_cave_entry_pillars_1, chei_slow_surprise, uniq_sonja,
          uniq_frances, uniq_snorg
D:14:     layout_irregular_city, grunt_vaults_entry_fortified,
          minmay_fountain_box, nicolae_elevator_lobby_plus, uniq_azrael
D:15:     grunt_enter_depths_snipers, layout_gridville, ebering_ghost_xom,
          grunt_gozag_breadcrumbs, minmay_misc_feat_x
Lair:1:   layout_hall_layers, infiniplex_staircase_pool
Lair:2:   layout_loops_ring, elwin_shoals_entry_stream,
          lightli_volcano_entry_magma_tube,
          hellmonk_guarded_unrand_seven_league_boots, uniq_gastronok,
          uniq_nergalle
Lair:3:   layout_loops_ring, guppyfry_snake_entry_garden,
          ebering_ghost_funeral_grove
Lair:4:   layout_hall_layers, beast_lair_carwin_5, serial_bayou_shore_b
Lair:5:   hangedman_lair_tendril_chambers, layout_regular_city,
          hangedman_lair_caniforms_friends, nicolae_slime_entry_slimehenge,
          st_stairs_11, small_statue_intersection
Shoals:1: layout_shoals
Shoals:2: layout_shoals
Shoals:3: layout_shoals
Shoals:4: shoals_end_hangedman, layout_shoals, nicolae_shop_gadgets
Snake:1:  layout_concentric_octagons
Snake:2:  layout_onion_interference, minmay_shop_star, uniq_vashnia, uniq_aizul
Snake:3:  layout_rooms, uniq_louise
Snake:4:  grunt_snake_rune_pools, layout_rooms, nicolae_specific_store,
          lemuel_fruit_tree
Orc:1:    layout_diamond_mine, serial_shops, nicolae_shop_advertising_works
          [nicolae_subvault_shop_adworks], uniq_jorgrun
Orc:2:    st_orc_ogre_mass, layout_diamond_mine, gauntlet_entry_generic,
          nicolae_orc_flooded_monolith, uniq_urug
Vaults:1: v_alt_pattern_1, vaults_standard_mumra_x, v_pattern_3,
          nicolae_vaults_little_squares_4, nicolae_vaults_shelves_hall,
          v_alt_pattern_1, v_alt_pattern_5, hangedman_vaults_stream,
          grunt_vaults_funnel, ontoclasm_vaults_chip, layout_vaults_omnibox
Vaults:2: advil_vaults_ghost_lines, nicolae_vaults_stairing_the_circle,
          ontoclasm_vaults_ring_small, minmay_crypt_entry_necro_gods,
          vaults_room_grid, ontoclasm_vaults_hangar, nicolae_vaults_alarming,
          layout_vaults_omnigrid
Vaults:3: hangedman_vaults_hat, hangedman_vaults_stitches,
          ontoclasm_vaults_chip, v_alt_pattern_2,
          ontoclasm_vaults_claustrophobia, vaults_room_octagon,
          nicolae_vaults_yaktaur_gun_rack, ontoclasm_vaults_spin, st_cross,
          serial_ice_g, layout_vaults_maze_bifur
Vaults:4: ontoclasm_vaults_tryst, grunt_vaults_diagonal, ontoclasm_vaults_eye,
          ontoclasm_vaults_ring_small, vaults_mumra_lcd, v_misc_12,
          nicolae_vaults_triangles, nicolae_vaults_little_squares_3,
          hangedman_vaults_impose, nicolae_vaults_circle_grid_b, v_misc_30,
          layout_vaults_omnicross
Depths:1: layout_cave_pools, hangedman_abyss_entry_splay, hell_entry,
          beargit_elvish_explorers
Depths:2: evilmike_marble_ring, layout_cave_pools, hell_entry,
          rand_demon_pan_entry_9, mu_enter_wizlab_3, ebering_ghost_xom,
          chequers_serial_rivers_small_b, kennysheep_generic_room_15,
          serial_bayou_shore_a, minmay_staircase_windowed_large
Depths:3: dreamdust_merry_men, layout_cave_pools, serial_shops,
          nicolae_shop_hallway_stairs, marbit_kobold_abyss_entry,
          hangedman_geh_valley

Skill      XL: |  1  2  3  4  5  6  7  8  9 10 11 12 13 14 15 16 17 18 19 20 |
---------------+-------------------------------------------------------------+-----
Long Blades    | 4 5 6 8 9 11 12 13 14 16 18 19 | 19.5
Armour         | 1 4 5 8 11 12 14 15 17 19 | 19.0
Stealth        | 2 3 4 |  4.2
Fighting       | 5 8 10 11 13 16 18 20 23 24 25 | 25.4
Invocations    | 6 7 11 | 11.0
Shields        | 5 8 9 11 14 15 | 15.0
Throwing       | 5 7 11 | 11.0
Dodging        | 6 11 13 | 13.6

Action                   |  1- 3 |  4- 6 |  7- 9 | 10-12 | 13-15 | 16-18 | 19-21 || total
-------------------------+-------+-------+-------+-------+-------+-------+-------++-------
Melee: Falchion          |    49 |       |       |       |    23 |       |       ||    72
       Headbutt          |    13 |    16 |    38 |   137 |   330 |   394 |   365 ||  1293
       Double sword      |    29 |   134 |   198 |   596 |  1292 |  1503 |  1111 ||  4863
       Punch             |       |     1 |       |       |       |       |       ||     1
       Scimitar          |       |       |       |       |    11 |       |       ||    11
Throw: Javelin           |       |     2 |     1 |     4 |     1 |    43 |    29 ||    80
       Dart              |       |     1 |     2 |     3 |       |       |       ||     6
       Stone             |       |       |       |     1 |     3 |       |       ||     4
       Throwing net      |       |       |       |       |       |     1 |       ||     1
Invok: Heroism           |       |     3 |     6 |    12 |    20 |    29 |    21 ||    91
       Finesse           |       |       |       |     4 |     8 |     9 |     9 ||    30
Evoke: Wand              |       |       |       |       |     1 |     2 |     4 ||     7
  Use: Scroll            |     3 |       |     4 |    20 |    11 |    11 |    10 ||    59
       Potion            |       |     2 |     1 |     4 |     2 |     8 |     7 ||    24
 Stab: Sleeping          |     3 |     1 |       |       |       |       |       ||     4
       Invisible         |       |       |       |     7 |       |     2 |       ||     9
       Distracted        |       |       |       |       |       |     1 |       ||     1
Armor: Robe              |    19 |       |       |       |       |       |       ||    19
       Ring mail         |     2 |    15 |       |       |       |       |       ||    17
       Chain mail        |       |    43 |    55 |   238 |   301 |       |       ||   637
       Plate armour      |       |       |       |       |   192 |   669 |   502 ||  1363
Dodge: Dodged            |    61 |    73 |    72 |   273 |   499 |   536 |   308 ||  1822
Block: Buckler           |       |     9 |       |       |       |       |       ||     9
       Kite shield       |       |    10 |    85 |   352 |   796 |  1004 |   810 ||  3057
       Reflection        |       |       |       |       |       |    44 |    26 ||    70

Table legend: (Time is in decaauts)
 A = Elapsed time spent in this place.
 B = Non-inter-level travel time spent in this place.
 C = Inter-level travel time spent in this place.
 D = Time resting spent in this place.
 E = Time spent auto-exploring this place.
 F = Levels seen in this place.
 G = Mean time per level.
                   A        B        C        D        E       F      G
               +--------+--------+--------+--------+--------+-----+--------+
         Total |  62655 |  60285 |   2370 |  23272 |  23775 |  38 | 1648.8 |
       Dungeon |  22677 |  21592 |   1085 |   7184 |  10285 |  15 | 1511.8 |
          Lair |   8198 |   7739 |    459 |   2556 |   3618 |   5 | 1639.6 |
        Shoals |   5588 |   5430 |    158 |   2260 |    850 |   4 | 1397.0 |
     Snake Pit |   9050 |   8817 |    233 |   4472 |   3042 |   4 | 2262.5 |
  Orcish Mines |   2355 |   2280 |     75 |    589 |   1173 |   2 | 1177.5 |
        Vaults |  10906 |  10561 |    345 |   4477 |   3545 |   4 | 2726.5 |
        Depths |   3354 |   3341 |     13 |   1527 |   1169 |   3 | 1118.0 |
      Gauntlet |    524 |    524 |      0 |    206 |     93 |   1 |  524.0 |
               +--------+--------+--------+--------+--------+-----+--------+

Top non-repeatable levels by time:
Vaults:1: 3564 daAuts
 Snake:4: 3329 daAuts
     D:8: 3087 daAuts
Vaults:2: 2838 daAuts
    D:15: 2767 daAuts
  Lair:5: 2756 daAuts
Shoals:4: 2489 daAuts
  Lair:2: 2442 daAuts
Vaults:3: 2435 daAuts
 Snake:3: 2130 daAuts
Vaults:4: 2068 daAuts
 Snake:2: 2028 daAuts
    D:13: 1875 daAuts
    D:10: 1725 daAuts
Depths:1: 1689 daAuts
